 Dungeon Crawl Stone Soup version 0.28-a0-1518-gbe868bca14 (webtiles) character file.

Game seed: 8146371915417157496

9747 Nattfarinn the Fighter (level 11, -1/108 HPs)
             Began as a Palentonga Fighter on Jan 17, 2022.
             Was a High Priest of Okawaru.
             Slain by a death yak (18 damage)
             ... on level 10 of the Dungeon.
             The game lasted 00:27:03 (16193 turns).

Nattfarinn the Fighter (Palentonga Fighter)        Turns: 16193, Time: 00:27:04

Health: -1/108     AC: 19    Str: 23    XL:     11   Next: 27%
Magic:  9/11       EV: 10    Int: 13    God:    Okawaru [*****.]
Gold:   279        SH:  5    Dex: 12    Spells: 10/10 levels left

rFire   . . .      SeeInvis +   g - +5 hand axe of the Five Tusks {flame, Int+4 Dex+2}
rCold   + . .      Faith    .   (no shield)
rNeg    . . .      Spirit   .   P - +3 ring mail {rPois}
rPois   +          Reflect  +   I - +1 helmet
rElec   .          Harm     .   (no cloak)
rCorr   .          Rampage  .   (no gloves)
Will    +....                   (no barding)
Stlth   ++........              s - amulet of Somirypi {Reflect Will+ SH+5}
HPRegen 0.28/turn               v - ring of protection from cold
MPRegen 0.12/turn               L - ring of poison resistance

@: heroic, curled up
A: large, rugged brown scales 3, see invisible, deformed body, roll 1, armoured
tail, reflexive curl
a: Rolling Charge, Renounce Religion, Heroism, Finesse, Duel


You were on level 10 of the Dungeon.
You worshipped Okawaru.
Okawaru was extremely pleased with you.
You visited 3 branches of the dungeon, and saw 13 of its levels.
You also visited: Sewer.

You collected 449 gold pieces.
You spent 170 gold pieces at shops.

Inventory:

Hand Weapons
 a - a +0 war axe
 g - the +5 hand axe of the Five Tusks (weapon) {flame, Int+4 Dex+2}
   (You found it in a sewer)

   It burns those it strikes, dealing additional fire damage.
   Big, fiery blades are also staple armaments of hydra-hunters.
   Int:       It affects your intelligence (+4).
   Dex:       It affects your dexterity (+2).
 n - a +2 antimagic short sword
 y - a +6 war axe
 O - a +3 eveningstar
Missiles
 x - 2 throwing nets
 G - 4 silver javelins
Armour
 b - a +0 scale mail
 c - a +0 buckler
 j - an orb of wrath
 I - a +1 helmet (worn)
 N - the +1 robe "Hero's Friend" {+Inv rN+ rCorr Int+2}
   (You found it on level 9 of the Dungeon)

   Int:       It affects your intelligence (+2).
   rN:        It protects you from negative energy.
   +Inv:      It lets you turn invisible.
   rCorr:     It protects you from acid and corrosion.
 P - a +3 ring mail of poison resistance (worn)
Jewellery
 s - the amulet of Somirypi (around neck) {Reflect Will+ SH+5}
   (You bought it in a shop on level 9 of the Dungeon)

   [amulet of reflection]

   It reflects blocked missile attacks.
   SH:        It affects your SH (+5).
   Will:      It increases your willpower.
 v - a ring of protection from cold (left hand)
 L - a ring of poison resistance (right hand)
Wands
 r - a wand of polymorph (8)
 B - a wand of paralysis (10)
 E - a wand of mindburst (10)
 J - a wand of acid (5)
Scrolls
 e - 4 scrolls of teleportation
 f - 4 scrolls of immolation
 i - 4 scrolls of identify
 q - 2 scrolls of fear
 t - a scroll of magic mapping
 w - a scroll of brand weapon {unknown}
 z - a scroll of noise
 D - a scroll of holy word {unknown}
 F - 4 scrolls of fog
 H - a scroll of blinking {unknown}
Potions
 d - 2 potions of might
 h - 4 potions of haste
 k - 5 potions of curing
 l - a potion of lignification {unknown}
 m - 3 potions of cancellation {unknown}
 o - 2 potions of brilliance {unknown}
 p - a potion of ambrosia {unknown}
 u - 2 potions of degeneration {unknown}
 A - 2 potions of berserk rage {unknown}
 C - 3 potions of heal wounds {unknown}
 K - a potion of flight {unknown}
 M - a potion of mutation {unknown}


   Skills:
 - Level 14.5(19.5) Fighting
 + Level 10.5(15.5) Axes
 * Level 2.9(7.9) Armour
 + Level 2.6(7.6) Shields


You had 10 spell levels left.
You didn't know any spells.
Your spell library contained the following spells:

 Spells                   Type           Power      Damage    Failure   Level
 Magic Dart               Conj           0%         1d3       41%         1
 Sandblast                Erth           0%         2d4       41%         1
 Blink                    Tloc           0%         N/A       56%         2
 Passwall                 Tmut/Erth      0%         N/A       56%         2
 Searing Ray              Conj           0%         2d4       56%         2
 Dazzling Flash           Conj/Hex       0%         N/A       80%         3
 Gell's Gravitas          Tloc           0%         N/A       80%         3
 Lesser Beckoning         Tloc           0%         N/A       80%         3
 Ozocubu's Armour         Ice            0%         N/A       80%         3
 Portal Projectile        Hex/Tloc       0%         N/A       80%         3
 Stone Arrow              Conj/Erth      0%         3d7       80%         3
 Teleport Other           Tloc           0%         N/A       80%         3
 Fulminant Prism          Conj/Hex       0%         3d6       99%         4
 Iskenderun's Mystic Bla  Conj/Tloc      0%         2d3       99%         4
 Blade Hands              Tmut           0%         N/A       100%        5
 Excruciating Wounds      Necr           0%         N/A       100%        5
 Manifold Assault         Tloc           0%         N/A       100%        5
 Dispersal                Tloc           0%         N/A       100%        6
 Starburst                Conj/Fire      0%         6d3       100%        6
 Ozocubu's Refrigeration  Ice            0%         4d5       100%        7
 Summon Ice Beast         Ice/Summ       Unusable   N/A       N/A         4
 Summon Mana Viper        Hex/Summ       Unusable   N/A       N/A         5
 Monstrous Menagerie      Summ           Unusable   N/A       N/A         7

Dungeon Overview and Level Annotations

Branches:
Dungeon (11/15)            Temple (1/1) D:7             Orc (1/2) D:9
  Sewer (visited)
   Lair: D:8-11

Altars:
Ashenzari
Cheibriados
Dithmenos
Elyvilon
Fedhas
Gozag
Hepliaklqana
Kikubaaqudgha
Makhleb
Nemelex Xobeh
Okawaru
Qazlal
Ru
Sif Muna
Trog
Uskayaw
Vehumet
Wu Jian
Xom
Yredelemnul
Zin
The Shining One
Lugonu

Shops:
D:4 [   D:8 [   D:9 (*:[[(

Annotations:
D:3 2 transporters, nogo's ghost, novice FoFi
D:5 1 runed translucent door, Crazy Yiuf
D:11 2 transporters


Innate Abilities, Weirdness & Mutations

You are completely covered in rugged brown scales. (AC +3, +7% HP)
You have supernaturally acute eyesight. (SInv)
Armour fits poorly on your strangely shaped body.
You can roll at nearby foes to attack.
You have a long armoured tail.
You curl defensively after being hit. (AC +7*)


Message History

You tail-slap the death yak, but do no damage.
The death yak is lightly wounded.
You hit the death yak. You burn the death yak.
The death yak is lightly wounded.
The death yak gores you!!
You barely miss the death yak.
The death yak is lightly wounded.
The death yak gores you!
You slash the death yak! You burn the death yak.
The death yak is moderately wounded.
You block the death yak's attack.
You hit the death yak but do no damage.
The death yak is moderately wounded.
You block the death yak's attack.
You hit the death yak. You burn the death yak.
The death yak is moderately wounded.
You slash the death yak! You burn the death yak.
You tail-slap the death yak, but do no damage.
The death yak is heavily wounded.
The death yak gores you.
You hit the death yak. You burn the death yak.
The death yak is heavily wounded.
The death yak gores you!
* * * LOW HITPOINT WARNING * * *
You hit the death yak. You burn the death yak.
The death yak is heavily wounded.
The death yak gores you!
* * * LOW HITPOINT WARNING * * *
You gain the combat prowess of a mighty hero.
The death yak barely misses you.
You slash the death yak! You burn the death yak.
The death yak is heavily wounded.
You slash the death yak! You burn the death yak.
You tail-slap the death yak, but do no damage.
The death yak is severely wounded.
The death yak barely misses you.
You hit the death yak but do no damage.
The death yak is severely wounded.
The death yak gores you!!
You die...

..........#.#..#.#.......###
......#..##................#
......#...#.#.............##
.....###...................#####
.....###.<..................#..##
.........#......................#
...............................##
....................#.......(..##
................@Y.##...##..#....
........##.##...รท..#........#....
#..............##.##........#....
........#...#.##..#.......#....##
.......##...####..........#....#.
#..........## ##........####..##
##..........#####.........##...#.
.............#.#...#...##.##.#...
.##.................#####....#..#


You could see a death yak.

Vanquished Creatures
  A boulder beetle (D:11)
  A death yak (D:10)
  A two-headed ogre (D:9)
  Urug (D:10)
  A kobold demonologist (D:11)
  A troll (D:10)
  A meliai zombie (D:11)
  A wraith (D:10)
  12 yaks
  A vampire (D:10)
  2 wyverns
  Menkaure (D:4)
  A water moccasin (D:9)
  6 orc warriors
  3 ogres
  3 centaurs
  3 phantoms
  3 kobold brigands (D:11)
  2 bullfrogs
  A wyvern zombie (D:9)
  A gnoll sergeant (D:7)
  2 scorpions (D:4)
  6 killer bees (D:9)
  4 wights
  2 howler monkeys
  7 centaur zombies
  A bullfrog zombie (D:5)
  A hound (D:4)
  3 orc priests
  2 gnoll shamans
  A bullfrog skeleton (D:4)
  Ijyb (D:5)
  10 orc wizards
  3 iguanas
  2 killer bee zombies
  A hound zombie (D:5)
  A hound skeleton (D:5)
  3 howler monkey zombies
  15 gnolls
  9 adders
  2 river rats
  A white imp (D:4)
  3 worms
  5 dart slugs
  35 orcs
  7 ball pythons
  9 bats
  5 endoplasms
  2 giant cockroaches
  6 goblins
  7 hobgoblins
  12 kobolds
  A quokka (D:10)
  8 frilled lizards
  9 rats
233 creatures vanquished.

Vanquished Creatures (others)
  24 plants (D:2)
24 creatures vanquished.

Grand Total: 257 creatures vanquished

Notes
Turn   | Place    | Note
-------+----------+-------------------------------------------
     0 | D:1      | Nattfarinn the Palentonga Fighter began the quest for the
                  | Orb.
     0 | D:1      | Reached XP level 1. HP: 19/19 MP: 1/1
   190 | D:1      | Reached XP level 2. HP: 3/25 MP: 2/2
  1078 | D:1      | Reached XP level 3. HP: 31/32 MP: 3/3
  1240 | D:2      | Reached skill level 4 in Fighting
  1286 | D:2      | Identified the +7 hunting sling "Dameiruh" {venom, +Blink
                  | rPois}
  1332 | D:2      | Found a faded altar of an unknown god.
  2011 | D:2      | Reached XP level 4. HP: 38/40 MP: 4/4
  2523 | D:3      | Found a bloodstained altar of Trog.
  2631 | D:3      | Found a glowing drain.
  2757 | Sewer    | Entered a sewer
  2832 | Sewer    | Reached skill level 5 in Fighting
  3027 | Sewer    | Reached XP level 5. HP: 32/47 MP: 5/5
  3230 | Sewer    | Identified the +5 hand axe of the Five Tusks {flame, Int+4
                  | Dex+2}
  3657 | D:3      | Found a transporter.
  3711 | D:3      | Noticed nogo's ghost (novice FoFi)
  3764 | D:3      | Found a transporter.
  4092 | D:4      | Reached XP level 6. HP: 45/55 MP: 6/6
  4095 | D:4      | Reached skill level 6 in Fighting
  4422 | D:4      | Gained mutation: You curl defensively after being hit. (AC
                  | +7*) [Palentonga growth]
  4422 | D:4      | Reached XP level 7. HP: 23/63 MP: 7/7
  4833 | D:4      | Reached skill level 7 in Fighting
  4919 | D:4      | Found Tischoghi's Armour Boutique.
  5403 | D:5      | Entered Level 5 of the Dungeon
  5403 | D:5      | Noticed Ijyb
  5405 | D:5      | Paralysed by Ijyb for 6 turns
  5414 | D:5      | Killed Ijyb
  5420 | D:5      | Noticed Menkaure
  5425 | D:4      | Reached skill level 5 in Axes
  5869 | D:5      | Noticed a two-headed ogre
  5875 | D:4      | Killed Menkaure
  5876 | D:4      | Reached skill level 8 in Fighting
  6095 | D:5      | Reached XP level 8. HP: 46/72 MP: 8/8
  6517 | D:5      | Found a sparkling altar of Nemelex Xobeh.
  6932 | D:5      | Found a runed translucent door.
  6933 | D:5      | Noticed Crazy Yiuf
  7210 | D:6      | Reached skill level 9 in Fighting
  7548 | D:6      | Found a radiant altar of Vehumet.
  7548 | D:6      | Found a broken altar of Ashenzari.
  8958 | D:7      | Reached skill level 10 in Fighting
  9131 | D:7      | Found a staircase to the Ecumenical Temple.
  9137 | Temple   | Entered the Ecumenical Temple
  9220 | Temple   | Became a worshipper of Warmaster Okawaru
  9370 | D:7      | Reached XP level 9. HP: 21/83 MP: 9/9
 10453 | D:8      | Found Denuistucef's Antique Armour Emporium.
 10967 | D:8      | Reached skill level 11 in Fighting
 11280 | D:8      | Reached * piety under Okawaru
 11495 | D:9      | Found Qaownotou's Antique Armour Shop.
 11509 | D:9      | Found Ugred's Book Shop.
 11558 | D:9      | Reached skill level 12 in Fighting
 11565 | D:9      | Reached ** piety under Okawaru
 11569 | D:9      | Reached XP level 10. HP: 35/95 MP: 10/10
 12277 | D:9      | Found a staircase to the Orcish Mines.
 12277 | D:9      | Found Hiq Muek's Weapon Emporium.
 12277 | D:9      | Found Wocalaacs's Armour Emporium.
 12369 | D:9      | Found Emexiy's Assorted Antiques.
 12382 | D:9      | Bought a transparent ivory amulet for 170 gold pieces
 12382 | D:9      | Identified the amulet of Somirypi {Reflect Will+ SH+5} (You
                  | bought it in a shop on level 9 of the Dungeon)
 12444 | D:9      | Found Keus Uvo's Antique Weapon Shoppe.
 12552 | D:9      | Identified the +1 robe "Hero's Friend" {+Inv rN+ rCorr
                  | Int+2}
 12805 | D:10     | Entered Level 10 of the Dungeon
 12863 | D:9      | Reached *** piety under Okawaru
 13046 | D:10     | Reached skill level 13 in Fighting
 13483 | D:10     | Noticed Urug
 13500 | D:10     | Noticed a two-headed ogre
 13507 | D:10     | Killed Urug
 13733 | D:9      | Killed a two-headed ogre
 13914 | D:10     | Reached **** piety under Okawaru
 14574 | D:11     | Noticed a soul eater
 14575 | D:11     | Reached skill level 14 in Fighting
 14575 | D:11     | Reached skill level 10 in Axes
 14615 | D:11     | Reached XP level 11. HP: 92/107 MP: 11/11
 14722 | D:11     | Found a transporter.
 14723 | D:11     | Noticed a green ugly thing
 14725 | D:11     | Noticed a swamp dragon
 14725 | D:11     | a golden eye changed into a swamp dragon
 14725 | D:11     | Noticed a red ugly thing
 14726 | D:11     | Found a transporter.
 14727 | D:11     | Found a corrupted altar of Lugonu.
 14781 | D:11     | Reached ***** piety under Okawaru
 14787 | D:11     | Noticed a boulder beetle
 14809 | D:11     | Killed a boulder beetle
 14821 | D:11     | Noticed a death yak
 14822 | D:11     | Noticed a death yak
 14823 | D:11     | Noticed a two-headed ogre
 15012 | Orc:1    | Entered Level 1 of the Orcish Mines
 16027 | D:10     | Killed a death yak
 16175 | D:11     | Noticed a death yak
 16193 | D:10     | Slain by a death yak

Illustrated notes

Levels and vault maps discovered:
D:1:      dpeg_arrival_concentric_ovals, layout_basic, minmay_crystal_room
D:2:      layout_basic, basic_ecumenical_altar, serial_bayou,
          serial_bayou_pond_d, serial_bayou_crossing, serial_bayou_pond_c,
          serial_bayou_lagoon_b, serial_bayou_pond_e, serial_bayou_lagoon_a
D:3:      layout_basic, trog_antimagical, portal_sewer_entry_b,
          gammafunk_ghost_stat_death, minmay_strange_pillars
D:4:      layout_loops_corners, serial_shops, kennysheep_mini_moat, st_stairs_4
D:5:      layout_cave_pools, nemelex_diamond_rough_becter,
          kennysheep_flooded_box, uniq_crazy_yiuf_cottage, uniq_menkaure,
          uniq_ijyb
D:6:      layout_loops_ring, gammafunk_temple_overflow_pools, minivault_22
D:7:      layout_gridville, minmay_temple_entry_enclosed_plants
D:8:      layout_basic, serial_shops, nicolae_shop_hallway_stairs, sigmund_army
D:9:      layout_cave_pools, orc_david_3, serial_shops, nicolae_stop_n_shop_2,
          nicolae_stop_n_shop_1, nicolae_shop_advertising_works
          [nicolae_subvault_shop_adworks], nicolae_shop_hallway_plus,
          enter_bailey_2
D:10:     layout_cave_pools, uniq_urug
D:11:     gammafunk_corrupted_shrine, layout_loops_cross, dpeg_lair_monsters
Temple:   mainiacjoe_temple_coin_purse
Orc:1:    layout_caves

Skill      XL: |  1  2  3  4  5  6  7  8  9 10 |
---------------+-------------------------------+-----
Fighting       | 4 5 6 8 10 12 14 | 14.5
Axes           | 3 4 5 7 8 10 | 10.5
Armour         | |  2.9
Shields        | |  2.6

Action                   |  1- 3 |  4- 6 |  7- 9 | 10-12 || total
-------------------------+-------+-------+-------+-------++-------
Melee: War axe           |    92 |    61 |       |       ||   153
       Tailslap          |     5 |    15 |    45 |    42 ||   107
       Short sword       |       |    18 |       |       ||    18
       Punch             |       |     3 |     6 |     5 ||    14
       Hand axe          |       |    54 |   262 |   231 ||   547
Invok: Heroism           |       |       |       |     1 ||     1
 Abil: Rolling Charge    |    10 |    12 |    40 |    18 ||    80
Evoke: Wand              |       |       |       |     7 ||     7
  Use: Scroll            |       |     2 |    10 |     4 ||    16
       Potion            |       |       |       |     4 ||     4
 Stab: Paralysed         |       |       |       |    19 ||    19
Armor: Scale mail        |    43 |    64 |   114 |    41 ||   262
       Ring mail         |       |       |       |    48 ||    48
Dodge: Dodged            |    41 |    50 |   103 |    77 ||   271
Block: Buckler           |     9 |       |       |       ||     9
       Other             |       |       |       |    47 ||    47

Table legend: (Time is in decaauts)
 A = Elapsed time spent in this place.
 B = Non-inter-level travel time spent in this place.
 C = Inter-level travel time spent in this place.
 D = Time resting spent in this place.
 E = Time spent auto-exploring this place.
 F = Levels seen in this place.
 G = Mean time per level.
                   A        B        C        D        E       F      G
               +--------+--------+--------+--------+--------+-----+--------+
         Total |  16371 |  15592 |    779 |   3139 |  10577 |  14 | 1169.4 |
       Dungeon |  15317 |  14553 |    764 |   3139 |   9822 |  11 | 1392.5 |
        Temple |    116 |    102 |     14 |      0 |     85 |   1 |  116.0 |
  Orcish Mines |      9 |      9 |      0 |      0 |      0 |   1 |    9.0 |
         Sewer |    927 |    927 |      0 |      0 |    669 |   1 |  927.0 |
               +--------+--------+--------+--------+--------+-----+--------+

Top non-repeatable levels by time:
     D:9: 2572 daAuts
     D:4: 2315 daAuts
     D:8: 1596 daAuts
    D:10: 1497 daAuts
     D:6: 1468 daAuts
     D:7: 1395 daAuts
     D:2: 1357 daAuts
     D:1: 1136 daAuts
   Sewer: 927 daAuts
     D:5: 904 daAuts
     D:3: 736 daAuts
    D:11: 337 daAuts
  Temple: 116 daAuts
   Orc:1: 9 daAuts
